 Dungeon Crawl Stone Soup version 0.19-a0 (webtiles) character file.

106 Mefis the Magician (level 4, -15/24 HPs)
             Began as a Deep Elf Wizard on Apr 27, 2016.
             Demolished by a fire vortex (20 damage)
             ... summoned by miscasting Conjure Flame
             ... on level 3 of the Dungeon.
             The game lasted 00:06:26 (1975 turns).

Mefis the Magician (Deep Elf Wizard)                Turns: 1975, Time: 00:06:27

Health: -15/24     AC:  2    Str:  4    XL:     4   Next: 55%
Magic:  0/13       EV: 13    Int: 24    God:
Gold:   92         SH:  0    Dex: 13    Spells: 6 memorised, 1 level left

rFire  . . .     SeeInvis .     (no weapon)
rCold  . . .     Gourm    .     a - +0 robe
rNeg   . . .     Faith    .     (no shield)
rPois  .         Spirit   .     b - +0 hat
rElec  .         Dismiss  .     (no cloak)
rCorr  .         Reflect  .     (no gloves)
SustAt .         Harm     .     (no boots)
MR     .....                    (no amulet)
Stlth  ++........               (no ring)
                                (no ring)

@: very slightly contaminated, repel missiles, not resistant to hostile
enchantments, unstealthy
A: no striking features
a: no special abilities


You were on level 3 of the Dungeon.
You were not hungry.

You visited 1 branch of the dungeon, and saw 3 of its levels.

You collected 92 gold pieces.

Inventory:

Missiles
 k - 34 sling bullets
 l - a throwing net (quivered)
 u - 8 javelins
Armour
 a - a +0 robe (worn)
 b - a +0 hat (worn)
Wands
 n - a wand of acid (7/15)
Scrolls
 f - a scroll of random uselessness {unknown}
 g - 3 scrolls of identify {unknown}
 h - 2 scrolls of enchant armour {unknown}
 i - 2 scrolls of remove curse {unknown}
 m - a scroll of enchant weapon {unknown}
 r - a scroll of recharging {unknown}
Potions
 e - a potion of resistance {unknown}
 j - a potion of curing {unknown}
Books
 c - a book of Minor Magic

   Spells                             Type                      Level
   a - Magic Dart                     Conjuration                  1
   b - Blink                          Translocation                2
   c - Call Imp                       Summoning                    2
   d - Repel Missiles                 Charms/Air                   2
   e - Slow                           Hexes                        2
   f - Conjure Flame                  Conjuration/Fire             3
   g - Mephitic Cloud                 Conjuration/Poison/Air       3
Miscellaneous
 p - a plain deck of changes
Comestibles
 d - a bread ration
 o - a royal jelly
 q - a meat ration
 s - a beef jerky
 t - 2 chunks of flesh


   Skills:
 + Level 3.4 Dodging
 + Level 3.3 Stealth
 + Level 5.5 Spellcasting
 + Level 1.8 Conjurations
 + Level 1.5 Summonings
 - Level 1.1 Translocations
 + Level 1.1 Air Magic


You had one spell level left.
You knew the following spells:

 Your Spells              Type           Power        Failure   Level  Hunger
a - Magic Dart            Conj           ###.         4%          1    None
b - Call Imp              Summ           ##......     10%         2    None
c - Blink                 Tloc           N/A          12%         2    None
d - Repel Missiles        Chrm/Air       #.....       12%         2    None
e - Mephitic Cloud        Conj/Pois/Air  ##......     21%         3    #......
f - Conjure Flame         Conj/Fire      ##......     21%         3    #......


Dungeon Overview and Level Annotations

Branches:
Dungeon (3/15)

Altars:
Gozag
Nemelex Xobeh
Trog


Message History

Confirm with . or Enter, or press ? or * to list all spells.
You blink.
Casting: Blink
Confirm with . or Enter, or press ? or * to list all spells.
You blink.
Casting: Blink
Confirm with . or Enter, or press ? or * to list all spells.
Aiming: Conjure Flame
Press: ? - help, Dir - move target cursor You miscast Conjure Flame.
Strange energies run through your body.
Casting: Conjure Flame
Confirm with . or Enter, or press ? or * to list all spells.
Aiming: Conjure Flame
Press: ? - help, Dir - move target cursor You miscast Conjure Flame.
Fire whirls out from your hands!
A fire vortex comes into view.
The giant frog closely misses you. The fire vortex hits you.
The fire vortex burns you!
Ouch! That really hurt!
You die...

##########
########......@.#
.........#.####F#
#######..#....#.# #####
........#####.#.# ..(..#
#####.........#o# .#.#..
.........######.##......
.........######.#..#.#.#
......##...[....#.......
#...............'.......


You could see a giant frog and an orc.

Vanquished Creatures
  6 adders (D:2)
  4 dart slugs
  3 giant cockroaches
  8 goblins
  5 kobolds
  8 bats
  3 giant newts
  2 rats (D:1)
39 creatures vanquished.

Vanquished Creatures (collateral kills)
  2 worms (D:2)
  A dart slug (D:2)
3 creatures vanquished.

Grand Total: 42 creatures vanquished

Notes
Turn   | Place    | Note
--------------------------------------------------------------
     0 | D:1      | Mefis the Deep Elf Wizard began the quest for the Orb.
     0 | D:1      | Reached XP level 1. HP: 10/10 MP: 7/7
   245 | D:1      | Reached skill level 5 in Spellcasting
   245 | D:1      | Reached XP level 2. HP: 15/15 MP: 8/10
   249 | D:1      | Learned a level 2 spell: Call Imp
   252 | D:1      | Learned a level 2 spell: Blink
   255 | D:1      | Learned a level 2 spell: Repel Missiles
   866 | D:2      | Found a bloodstained altar of Trog.
   870 | D:2      | Reached XP level 3. HP: 19/19 MP: 7/11
   875 | D:2      | Learned a level 3 spell: Mephitic Cloud
  1359 | D:2      | Reached XP level 4. HP: 24/24 MP: 8/13
  1364 | D:2      | Learned a level 3 spell: Conjure Flame
  1430 | D:2      | Found a sparkling altar of Nemelex Xobeh.
  1672 | D:2      | Reached skill level 1 in Air Magic
  1784 | D:2      | Found an opulent altar of Gozag.
  1965 | D:3      | Noticed a giant frog
  1975 | D:3      | Demolished by a fire vortex

Vault maps used:
D:1:      evilmike_arrival_crescent, minmay_misc_feat_square, hex_large
D:2:      nemelex_deck, lemuel_crystal_altar, lemuel_round_altar
D:3:      zin_purify, kennysheep_okawaru_gauntlet, first_bread,
          serial_co_window_serial, co_window_paths_b,
          co_window_of_opportunity_a, co_window_paths_a, co_window_corner_a,
          co_window_paths_b, co_window_cross_3, co_window_corner_b,
          co_window_corner_b, co_window_corner_ca, co_window_corner_ca,
          co_window_paths_e, glass_columns_a, glass_columns_a, glass_columns_c

Skill      XL: |  1  2  3  4 |
---------------+-------------+-----
Spellcasting   | 5 |  5.5
Stealth        | 3 |  3.3
Dodging        | 3 |  3.4
Air Magic      | 1 |  1.1
Conjurations   | |  1.8
Summonings     | |  1.5
Translocations | |  1.1

Action                   |  1- 3 |  4- 6 || total
-------------------------+-------+-------++-------
Melee: Unarmed           |       |     1 ||     1
Throw: Throwing net      |     1 |       ||     1
 Cast: Magic Dart        |    79 |    30 ||   109
       Repel Missiles    |     1 |       ||     1
       Call Imp          |     1 |     1 ||     2
       Mephitic Cloud    |       |     2 ||     2
       Blink             |       |     2 ||     2
  Eat: Chunk             |     1 |     2 ||     3
Armor: Robe              |     2 |     3 ||     5
Dodge: Dodged            |    10 |    13 ||    23
